cohdb
Replays
Latest Replays
All Replays
Popular Replays
Top Player Replays
Match Explorer
How It Works
Community
CoH3 Stats
Reddit
Sign in to upload your games and track your stats! →
Sign in with Steam
Match 45201856
Unlisted
Match 45201856
Overview
Messages
Build Orders
End
Construct Barracks
1⁄4-ton 4x4 Truck
Selects Armored Battlegroup
Selects Veteran Crews
1⁄4-ton 4x4 Truck
Riflemen Squad
Riflemen Squad
M1 Mortar Team
Grenade Package
Construct Weapon Support Center
Mechanized Support Center
M3 Armored Personnel Carrier
M3 Armored Personnel Carrier
Designate Forward Repair Station
Engineer Squad
M3 Armored Personnel Carrier
Construct Tank Depot
.30 cal Machine Gun
Selects Strength in Steel
Selects Seek and Destroy
Forward Retreat Point
no
Mr.Lun
梦的雪花
朴成性
Unicorn
Jd577
Freedalf
Thumper's Dad
0
0
Comments
sign in to comment!
No comments posted yet!